 Dungeon Crawl Stone Soup version 0.24-a0-715-g0b739ee41d (webtiles) character file.

Game seed: 17645201868522267163, levelgen mode: deterministic

88 Arixos the Vexing (level 4, -3/25 HPs)
             Began as a Vampire Enchanter on Sept 30, 2019.
             Slain by Sigmund
             ... wielding a +0 scythe
              (9 damage)
             ... on level 3 of the Dungeon.
             The game lasted 00:11:57 (1880 turns).

Arixos the Vexing (Vampire Enchanter)               Turns: 1880, Time: 00:11:59

Health: -3/25      AC:  3    Str:  7    XL:     4   Next: 30%
Magic:  0/7        EV: 12    Int: 17    God:
Gold:   96         SH:  0    Dex: 15    Spells: 2/8 levels left

rFire    . . .     SeeInvis +   a - +1 dagger
rCold    + + .     Gourm    .   (no shield)
rNeg     + + +     Faith    .   h - +0 leather armour
rPois    ∞         Spirit   .   (no helmet)
rElec    .         Reflect  .   (no cloak)
rCorr    .         Harm     .   (no gloves)
MR       .....                  (no boots)
Stlth    +++++.....             (no amulet)
HPRegen  0.00/turn              (no ring)
MPRegen  0.10/turn              (no ring)

@: very slightly contaminated, bloodless, regenerating quickly
A: no food, fangs 3, see invisible, unbreathing
a: Bat Form, Revivify


You were on level 3 of the Dungeon.
You were bloodless.

You visited 1 branch of the dungeon, and saw 3 of its levels.

You collected 96 gold pieces.

Inventory:

Hand Weapons
 a - a +1 dagger (weapon)
Armour
 h - a +0 leather armour (worn)
Scrolls
 b - a scroll of enchant armour {unknown}
 c - 2 scrolls of remove curse {unknown}
 e - 2 scrolls of fear {unknown}
 i - a scroll of teleportation {unknown}
 j - a scroll of identify {unknown}
 l - a scroll of enchant weapon {unknown}
Potions
 d - a potion of heal wounds {unknown}
 f - a potion of might {unknown}
 g - a potion of resistance {unknown}
 k - a potion of agility {unknown}


   Skills:
 + Level 1.2 Fighting
 + Level 1.9 Short Blades
 + Level 2.8 Dodging
 + Level 5.1 Stealth
 + Level 2.5 Spellcasting
 + Level 5.1 Hexes


You had 2 spell levels left.
You knew the following spells:

 Your Spells              Type           Power        Failure   Level  Hunger
a - Ensorcelled Hibernat  Hex/Ice        ##....       14%         2    N/A
b - Corona                Hex            ###....      3%          1    N/A
c - Confuse               Hex            ###.....     10%         3    N/A

Your spell library contained the following spells:

 Spells                   Type           Power        Failure   Level  Hunger
 Tukima's Dance           Hex            ###.....     10%         3    N/A
 Dazzling Spray           Conj/Hex       ##....       28%         3    N/A

Dungeon Overview and Level Annotations

Branches:
Dungeon (3/15)

Altars:

Annotations:
D:3 Sigmund


Innate Abilities, Weirdness & Mutations

You do not eat.
You do not regenerate when monsters are visible.
You are frail without blood (-20% HP).
You are immune to poison.
You have razor-sharp teeth.
You have supernaturally acute eyesight. (SInv)
You can survive without breathing.


Message History

Sigmund is severely wounded.
Sigmund casts a spell at you. The magic dart hits you.
* * * LOW HITPOINT WARNING * * *
You hit Sigmund.
Sigmund is severely wounded.
Sigmund casts a spell at you. You resist with some effort.
Casting: Ensorcelled Hibernation (safe; 14% risk of failure)
Confirm with . or Enter, or press ? or * to list all spells.
Aiming: Ensorcelled Hibernation (safe; 14% risk of failure)
Press: ? - help, Shift-Dir - straight line, f/p - Sigmund
Aim: Sigmund, wielding a +0 scythe, wearing a +0 robe and carrying a wand of random effects (16) (severely wounded, chance to defeat MR: 50%) Sigmund resists with some effort.
Sigmund casts a spell.
Sigmund flickers and vanishes for a moment.
You hit Sigmund but do no damage.
Sigmund is severely wounded.
Sigmund hits you with a +0 scythe!
You die...

###############
#.............#
#.###########.#
#.#<....... #.#
#.......... #.#
########### #@#
.......@#
#########


You could see Sigmund (invisible).

Vanquished Creatures
  4 adders (D:2)
  4 dart slugs
  2 leopard geckos (D:1)
  2 giant cockroaches
  4 goblins
  7 hobgoblins
  2 jackals (D:2)
  3 kobolds
  2 quokkas (D:2)
  7 bats (D:1)
  2 frilled lizards (D:2)
  5 rats (D:1)
44 creatures vanquished.

Notes
Turn   | Place    | Note
-------+----------+-------------------------------------------
     0 | D:1      | Arixos the Vampire Enchanter began the quest for the Orb.
     0 | D:1      | Reached XP level 1. HP: 13/13 MP: 3/3
   154 | D:1      | Reached XP level 2. HP: 15/15 MP: 5/5
   158 | D:1      | Learned a level 2 spell: Ensorcelled Hibernation
   999 | D:1      | Reached XP level 3. HP: 20/20 MP: 3/6
  1153 | D:2      | Learned a level 3 spell: Confuse
  1334 | D:2      | Reached skill level 1 in Fighting
  1555 | D:2      | Reached skill level 5 in Stealth
  1555 | D:2      | Reached skill level 5 in Hexes
  1602 | D:2      | Reached XP level 4. HP: 25/25 MP: 4/7
  1863 | D:3      | Noticed Sigmund
  1880 | D:3      | Slain by Sigmund

Levels and vault maps discovered:
D:1:      shiori_arrival_maze, layout_loops_corners
D:2:      layout_basic
D:3:      layout_basic, ebering_dispersal_statue_hall, uniq_natasha,
          uniq_sigmund

Skill      XL: |  1  2  3 |
---------------+----------+-----
Fighting       | 1 |  1.2
Stealth        | 5 |  5.1
Hexes          | 5 |  5.1
Short Blades   | |  1.9
Dodging        | |  2.8
Spellcasting   | |  2.5

Action                   |  1- 3 |  4- 6 || total
-------------------------+-------+-------++-------
Melee: Dagger            |    57 |    15 ||    72
       Bite              |     2 |     1 ||     3
 Cast: Corona            |     2 |       ||     2
       Ensorcelled Hiber |    24 |     6 ||    30
 Abil: Exsanguinate      |     1 |       ||     1
 Stab: Sleeping          |    34 |     6 ||    40
       Distracted        |     1 |       ||     1
Armor: Robe              |     9 |       ||     9
       Leather armour    |    11 |       ||    11
Dodge: Dodged            |    24 |     9 ||    33

Table legend:
 A = Non-vault XP
 B = Vault XP
 C = Vault XP percentage of total XP
 D = Non-vault monster count
 E = Vault monster count
 F = Vault count percentage of total count
                 A         B        C        D         E       F
            +---------+---------+-------+---------+---------+-------
      Total |     123 |       4 |   3.1 |      42 |       2 |   4.5
            +---------+---------+-------+---------+---------+-------
        D:1 |      38 |       4 |   9.5 |      22 |       2 |   8.3
        D:2 |      85 |       0 |   0.0 |      20 |       0 |   0.0
            +---------+---------+-------+---------+---------+-------
